 Dungeon Crawl Stone Soup version 0.27.1-1-g398f81649c (webtiles) character file.

Game seed: 12014851140965517438

21 pkoi the Slasher (level 2, -5/25 HPs)
             Began as a Minotaur Gladiator on Sept 18, 2021.
             Slain by Terence (8 damage)
             ... on level 2 of the Dungeon.
             The game lasted 00:00:46 (899 turns).

pkoi the Slasher (Minotaur Gladiator)                Turns: 899, Time: 00:00:46

Health: -5/25      AC:  4    Str: 18    XL:     2   Next: 62%
Magic:  1/1        EV: 12    Int:  5    God:
Gold:   54         SH:  0    Dex: 11    Spells: 1/1 levels left

rFire    . . .     SeeInvis .   a - +0 long sword
rCold    . . .     Faith    .   (no shield)
rNeg     . . .     Spirit   .   b - +0 leather armour
rPois    .         Reflect  .   c - +0 hat
rElec    .         Harm     .   (no cloak)
rCorr    .         Rampage  .   f - +0 pair of gloves
Will     .....                  (no boots)
Stlth    +.........             (no amulet)
HPRegen  0.08/turn              (no ring)
MPRegen  0.07/turn              (no ring)

@: no status effects
A: horns 2, retaliatory headbutt
a: no special abilities


You were on level 2 of the Dungeon.
You visited 1 branch of the dungeon, and saw 2 of its levels.

You collected 54 gold pieces.

Inventory:

Hand Weapons
 a - a +0 long sword (weapon)
Missiles
 d - 3 throwing nets (quivered)
 e - 16 poisoned darts
Armour
 b - a +0 leather armour (worn)
 c - a +0 hat (worn)
 f - a +0 pair of gloves (worn)
Potions
 g - a potion of curing


   Skills:
 + Level 2.8 Fighting
 * Level 4.3 Long Blades
 - Level 2.0 Throwing
 + Level 1.2 Armour
 - Level 3.2 Dodging


You had one spell level left.
You didn't know any spells.
Your spell library was empty.

Dungeon Overview and Level Annotations

Branches:
Dungeon (2/15)

Altars:

Annotations:
D:2 Terence


Innate Abilities, Weirdness & Mutations

You have a pair of horns on your head.
You reflexively headbutt those who attack you in melee.


Message History

You kill the adder!
Your Armour skill increases to level 1!
The hobgoblin misses you.
You barely miss the hobgoblin. Your headbutt misses the hobgoblin.
The hobgoblin barely misses you.
You riposte.
You hit the hobgoblin.
The hobgoblin is almost dead.
You barely miss the hobgoblin.
The hobgoblin is almost dead.
The hobgoblin hits you but does no damage.
The hobgoblin misses you. You furiously retaliate!
You headbutt the hobgoblin, but do no damage.
You hit the hobgoblin.
You kill the hobgoblin!
i - a scroll labelled NUYPNI MAQEOTULU
As you read the scroll labelled GEAKLE DEGAOFY, it crumbles to dust.
It is a scroll of amnesia.
You feel forgetful for a moment.
As you read the scroll labelled NUYPNI MAQEOTULU, it crumbles to dust.
The air around you briefly surges with heat, but it dissipates.
It was a scroll of immolation.
Terence the Incautious comes into view.
He is wielding a +0 flail.
Terence shouts!
Terence is nearby!
Terence is nearby!
Terence is nearby!
Terence hits you with a +0 flail.
You slash Terence!
Terence is moderately wounded.
Terence drinks a potion.
Terence flickers and vanishes!
Deactivating autopickup; reactivate with Ctrl-A.
You completely miss something. Something hits you.
You hit something. You headbutt something. Something completely misses you.
You barely miss something. Something hits you.
You hit something but do no damage. Your headbutt misses something.
Something hits you. x2
* * * LOW HITPOINT WARNING * * *
You hit something but do no damage. Something hits you.
* * * LOW HITPOINT WARNING * * *
You hit something but do no damage. Something hits you!
You die...

### ## #.. ..#
#.# #.# #.# #.#
#.# #.# ##.# #.#
##..######.###
#............#
##..######@#.#
######..######{#
............##.#
######..###.##.#
#..# #.##..
....# #.####
###.####.#
#......####.#
######.........


There were no monsters in sight!

Vanquished Creatures
  An adder (D:2)
  A giant cockroach (D:1)
  A hobgoblin (D:2)
  3 jackals (D:1)
  A quokka (D:2)
  2 ball pythons (D:1)
  A bat (D:1)
  A frilled lizard (D:1)
  A rat (D:1)
12 creatures vanquished.

Notes
Turn   | Place    | Note
-------+----------+-------------------------------------------
     0 | D:1      | pkoi the Minotaur Gladiator began the quest for the Orb.
     0 | D:1      | Reached XP level 1. HP: 18/18 MP: 0/0
   434 | D:1      | Reached skill level 4 in Long Blades
   537 | D:1      | Reached XP level 2. HP: 25/25 MP: 1/1
   862 | D:2      | Reached skill level 1 in Armour
   891 | D:2      | Noticed Terence
   899 | D:2      | Slain by Terence

Illustrated notes

Levels and vault maps discovered:
D:1:      saegor_arrival_simple_d, layout_basic
D:2:      layout_loops_ring, hellmonk_ecumenical_altar_leap_of_faith,
          uniq_terence

Skill      XL: |  1  2 |
---------------+-------+-----
Long Blades    | 4 |  4.3
Armour         | 1 |  1.2
Fighting       | |  2.8
Throwing       | |  2.0
Dodging        | |  3.2

Action                   || total
-------------------------++-------
Melee: Long sword        ||    25
       Headbutt          ||     2
  Use: Scroll            ||     3
Armor: Leather armour    ||     6
Dodge: Dodged            ||    18
       Rpst.: Long sword ||     2
